[Event "VIII Belayev Memorial"]
[Site "Naberezhnye Chelny"]
[Date "2007.06.18"]
[Round "5"]
[White "Salihova, Lilia"]
[Black "Vildanov, Rinat"]
[Result "0-1"]
[ECO "A45"]
[WhiteElo "2030"]
[BlackElo "1969"]
[PlyCount "114"]
[TimeControl "300"]

{48MB, Shredder9.ctg, COMPUTER} 1. d4 Nf6 2. e3 g6 3. Bd3 Bg7 4. f4 O-O 5. Nf3
d6 6. O-O Nbd7 7. Bd2 c5 8. c3 Re8 9. e4 cxd4 10. cxd4 e5 11. fxe5 dxe5 12. d5
Nxd5 13. exd5 e4 14. Ng5 exd3 15. Nc3 Nf6 16. Qf3 Bf5 17. Bf4 Qb6+ 18. Qf2
Qxf2+ 19. Rxf2 h6 20. Nf3 Rad8 21. d6 Nh5 22. Bg3 Nxg3 23. hxg3 Bxc3 24. bxc3
Rxd6 25. Rd1 Rc8 26. Ne5 h5 27. Rb2 b6 28. Rb3 f6 29. Nf3 Re8 30. Nd4 Be4 31.
Ra3 a5 32. Kf2 Rc8 33. Rd2 Rc5 34. Ke3 Re5 35. Kf2 Rg5 36. Nf3 Bxf3 37. gxf3
Rgd5 38. c4 Rd4 39. Rc3 Kf7 40. Ke3 Ke6 41. c5 bxc5 42. Rxc5 R4d5 43. Rc3 Ke5
44. Rc1 Ke6 45. Rc3 g5 46. Rc4 Re5+ 47. Kf2 Rb6 48. Rd4 Re2+ 49. Rxe2+ dxe2 50.
Kxe2 Rb2+ 51. Ke3 Rxa2 52. Re4+ Kf5 53. g4+ hxg4 54. fxg4+ Kg6 55. Kd3 Rb2 56.
Ra4 Rb4 57. Rxa5 Rxg4 0-1

[Event "VIII Belayev Memorial"]
[Site "Naberezhnye Chelny"]
[Date "2007.06.18"]
[Round "5"]
[White "Davletshin, Mars"]
[Black "Mitiushkin, Marat"]
[Result "1-0"]
[ECO "B11"]
[WhiteElo "2112"]
[BlackElo "2022"]
[PlyCount "85"]
[TimeControl "300"]

{48MB, Shredder9.ctg, COMPUTER} 1. e4 c6 2. Nf3 d5 3. Nc3 Bg4 4. h3 Bh5 5. g3
e6 6. Bg2 f6 7. d4 Bb4 8. exd5 cxd5 9. O-O Ne7 10. Qe2 Qb6 11. a3 Bxc3 12. bxc3
Bf7 13. Bf4 O-O 14. g4 Ng6 15. Bg3 Qc6 16. h4 Nd7 17. g5 Ne7 18. gxf6 gxf6 19.
Bh3 Nf5 20. Bxf5 exf5 21. Qd3 Bg6 22. Bf4 Rfe8 23. Nd2 Rac8 24. Qf3 Nf8 25. h5
Bf7 26. Bh6 Kh8 27. Qxf5 Nd7 28. Kh2 Qe6 29. Qxe6 Bxe6 30. Rg1 Rg8 31. Rxg8+
Rxg8 32. Re1 Re8 33. c4 dxc4 34. Nxc4 Bf7 35. Rxe8+ Bxe8 36. Nd6 Bxh5 37. Nxb7
Bf3 38. Nd6 Kg8 39. Kg3 Bh1 40. f3 Nb6 41. c4 f5 42. c5 Nd5 43. Nxf5 1-0